Map: Acid Plant LE

Players

Lambo

  • Race: Zerg Zerg
  • League: Master
  • Spawn Location: 11:00

SortOf - Winner!

  • Race: Zerg Zerg
  • League: Master
  • Spawn Location: 5:00

Event: HomeStory Cup XVIII

VOD

Have the link to the VOD?

Description

Time

  • Played on: Nov. 23, 2018, 2:35 p.m.
  • Length: 8:35

All games in this series

Show
View Real Time Build Order
Export as new Build Order

Lambo Zerg 

Build Orders: Hatch First 

Get SALT Encoding   

  12  0:01  Drone  
  13  0:12  Overlord  
  13  0:17  Drone  
  14  0:31  Drone x2  
  16  0:48  Hatchery  
  15  0:51  Drone  
  15  0:54  Drone  
  17  0:58  Drone  
  18  1:05  Extractor  
  17  1:13  Spawning Pool  
  17  1:17  Drone  
  17  1:20  Drone  
  18  1:27  Drone  
  19  1:38  Drone  
  20  1:49  Drone  
  21  2:00  Queen x2, Drone, Overlord  
  26  2:08  Metabolic Boost  
  26  2:10  Drone  
  26  2:13  Drone  
  28  2:23  Zergling x4  
  30  2:35  Hatchery  
  29  2:39  Queen  
  29  2:42  Drone  
  32  2:45  Drone  
  32  2:51  Overlord  
  33  2:55  Zergling x4  
  35  3:00  Zergling x2  
  36  3:09  Zergling x2  
  36  3:10  Zergling x10  
  42  3:23  Baneling Nest  
  41  3:31  Zergling x8  
  41  3:32  Overlord  
  43  3:47  Drone x3  
  45  3:50  Drone x3  
  45  3:53  Drone  
  45  3:55  Drone  
  48  3:58  Drone  
  48  4:03  Drone, Evolution Chamber  
  48  4:07  Drone  
  45  4:10  Zergling x2  
  45  4:14  Zergling x2  
  45  4:16  Zergling x2  
  48  4:20  Zergling x4  
  48  4:21  Zergling x6  
  53  4:27  Zergling x4  
  53  4:28  Baneling x4  
  53  4:31  Overlord  
  52  4:32  Baneling  
  52  4:37  Zergling x4  
  54  4:42  Queen  
  54  4:43  Drone  
  56  4:53  Drone x5  
  59  5:00  Drone  
  59  5:01  Drone  
  59  5:04  Drone x2  
  62  5:07  Overlord  
  62  5:09  Overlord  
  62  5:11  Extractor  
  62  5:12  Extractor  
  62  5:14  Drone x4  
  64  5:18  Drone x2  
  66  5:23  Drone x2  
  66  5:24  Baneling  
  66  5:25  Drone  
  67  5:31  Baneling x2  
  67  5:32  Drone x3  
  70  5:41  Roach Warren  
  70  5:42  Drone x5  
  74  5:43  Overlord  
  74  5:48  Drone x2  
  76  5:51  Lair  
  76  5:53  Drone x2, Overlord  
  76  5:54  Drone x2  
  79  5:57  Drone x2  
  79  5:58  Extractor  
  79  6:00  Drone  
  80  6:04  Overlord  
  80  6:05  Drone x2  
  80  6:08  Extractor  
  80  6:09  Extractor  
  80  6:10  Drone x2  
  82  6:21  Pneumatized Carapace  
  82  6:22  Hatchery  
  82  6:25  Drone  
  82  6:28  Roach x8  
  82  6:31  Overlord  
  98  6:37  Overlord  
  98  6:38  Overlord  
  97  6:40  Overlord x2  
  97  6:41  Overlord  
  97  6:44  Overlord  
  97  6:45  Overlord  
  97  6:50  Overlord  
  97  6:56  Overlord  
  97  6:57  Evolution Chamber, Roach x3  
  97  7:00  Overlord, Baneling  
  102  7:02  Roach  
  104  7:11  Glial Reconstitution  
  104  7:12  Roach x3  
  104  7:15  Roach x2  
  113  7:18  Queen  
  113  7:21  Roach x3  
  121  7:30  Roach x5  
  121  7:33  Ravager  
  121  7:34  Ravager  
  131  7:40  Roach x4  
  139  7:45  Roach x3  
  139  7:49  Roach x2  
  149  7:53  Overlord  
  149  7:54  Overlord  
  149  7:55  Ravager  
  149  7:56  Ravager  
  150  7:59  Overlord  
  150  8:03  Roach x5  
  146  8:10  Roach x4  
  139  8:13  Roach  
Show
View Real Time Build Order
Export as new Build Order

SortOf Zerg - Winner!

Build Orders: Hatch First 

Get SALT Encoding   

  12  0:01  Drone  
  13  0:12  Overlord  
  13  0:17  Drone  
  14  0:30  Drone  
  14  0:31  Drone  
  16  0:48  Hatchery  
  15  0:52  Drone  
  15  0:55  Drone  
  17  0:59  Drone  
  18  1:09  Extractor  
  17  1:14  Spawning Pool  
  17  1:17  Drone  
  17  1:20  Drone  
  18  1:27  Drone  
  19  1:38  Drone  
  20  1:51  Overlord  
  20  2:00  Queen x2  
  24  2:02  Drone  
  24  2:03  Drone  
  26  2:11  Drone  
  26  2:13  Metabolic Boost  
  26  2:14  Drone  
  28  2:23  Drone x2  
  30  2:35  Hatchery  
  29  2:40  Drone  
  30  2:44  Overlord  
  30  2:45  Drone  
  30  2:47  Drone  
  32  2:51  Baneling Nest  
  32  2:54  Zergling x2  
  32  2:55  Zergling x2  
  33  3:03  Queen  
  35  3:06  Overlord  
  35  3:10  Drone  
  36  3:16  Overlord  
  36  3:31  Zergling x8  
  36  3:32  Zergling x4  
  41  3:43  Queen, Overlord  
  41  3:45  Zergling x8  
  41  3:47  Zergling x2  
  41  3:48  Zergling x2  
  43  3:56  Queen  
  43  3:58  Drone x2  
  43  4:01  Baneling x2  
  43  4:02  Baneling  
  46  4:06  Drone  
  46  4:09  Drone x2  
  49  4:10  Baneling  
  49  4:11  Baneling  
  49  4:13  Drone  
  49  4:14  Drone  
  49  4:15  Drone  
  52  4:23  Zergling x10  
  56  4:38  Extractor, Drone x2  
  56  4:39  Drone x3  
  56  4:40  Evolution Chamber  
  56  4:43  Baneling  
  56  4:44  Baneling  
  56  4:45  Drone x2  
  60  4:49  Roach Warren  
  58  4:55  Drone x3  
  58  4:56  Drone x2  
  58  4:59  Zergling x2  
  61  5:07  Overlord  
  61  5:08  Zergling x2  
  61  5:10  Overlord  
  61  5:11  Drone  
  61  5:14  Drone x2  
  65  5:19  Baneling x2  
  65  5:23  Extractor, Overlord  
  65  5:25  Drone x2  
  65  5:26  Drone x2  
  67  5:29  Drone x3  
  67  5:32  Lair  
  67  5:33  Drone x2  
  72  5:37  Overlord, Drone x3  
  72  5:40  Baneling x2  
  75  5:45  Drone x2  
  75  5:47  Extractor  
  75  5:49  Extractor, Zerg Missile Weapons Level 1  
  75  5:51  Drone x2  
  75  5:52  Drone  
  78  5:57  Drone x5, Zergling x2  
  78  5:59  Overlord  
  78  6:03  Extractor  
  75  6:04  Overlord  
  75  6:13  Overlord  
  75  6:16  Hatchery  
  75  6:17  Drone  
  75  6:19  Overlord  
  76  6:30  Roach  
  76  6:31  Roach x6  
  90  6:33  Glial Reconstitution  
  90  6:36  Overlord  
  90  6:38  Overlord  
  90  6:39  Roach  
  92  6:48  Roach x5  
  101  6:54  Roach x3  
  101  6:55  Overlord  
  101  7:00  Ravager  
  101  7:01  Ravager x3  
  111  7:03  Overlord  
  111  7:04  Extractor  
  111  7:06  Roach x3  
  111  7:08  Overlord  
  116  7:13  Roach x2  
  116  7:15  Overlord  
  118  7:18  Roach  
  118  7:19  Overlord  
  119  7:26  Roach x3  
  119  7:28  Roach  
  119  7:29  Roach  
  129  7:33  Roach  
  129  7:34  Roach x2  
  135  7:37  Roach x2  
  135  7:38  Ravager  
  135  7:42  Roach x2  
  143  7:53  Roach x7  
  143  8:08  Roach x3  
  143  8:09  Roach x4  
  143  8:10  Ravager  
Tags
 
Add a new tag
Caveats
  • Supply blocks, unpowered buildings, or Contaminate may cause inaccurate times.
  • Supply counts are checked every 10 seconds.